 Dungeon Crawl Stone Soup version 0.28-a0-863-g8cecda6153 (webtiles) character file.

Game seed: 3001400363695046801

66 Crownlay the Chopper (level 4, 0/39 HPs)
             Began as a Hill Orc Fighter on Nov 18, 2021.
             Killed by divine providence
             ... invoked by an orc priest
              (11 damage)
             ... on level 3 of the Dungeon.
             The game lasted 00:01:46 (1336 turns).

Crownlay the Chopper (Hill Orc Fighter)             Turns: 1336, Time: 00:01:46

Health: 0/39       AC:  6    Str: 19    XL:     4   Next: 15%
Magic:  4/4        EV:  9    Int:  8    God:
Gold:   156        SH:  4    Dex: 10    Spells: 3/3 levels left

rFire   . . .      SeeInvis .   a - +0 war axe
rCold   . . .      Faith    .   c - +0 buckler
rNeg    . . .      Spirit   .   b - +0 scale mail
rPois   .          Reflect  .   (no helmet)
rElec   .          Harm     .   (no cloak)
rCorr   .          Rampage  .   (no gloves)
Will    .....                   (no boots)
Stlth   ..........              (no amulet)
HPRegen 0.13/turn               (no ring)
MPRegen 0.09/turn               (no ring)

@: mighty
A: no striking features
a: Convert to Beogh


You were on level 3 of the Dungeon.
You visited 1 branch of the dungeon, and saw 3 of its levels.

You collected 156 gold pieces.

Inventory:

Hand Weapons
 a - a +0 war axe (weapon)
Missiles
 l - 2 boomerangs (quivered)
Armour
 b - a +0 scale mail (worn)
 c - a +0 buckler (worn)
Scrolls
 e - 2 scrolls of fog {unknown}
 f - a scroll of teleportation {unknown}
 g - a scroll of identify {unknown}
 i - a scroll of summoning {unknown}
 k - a scroll of enchant armour {unknown}
Potions
 h - a potion of heal wounds {unknown}
 j - a potion of flight {unknown}


   Skills:
 - Level 3.6 Fighting
 + Level 4.5 Axes
 * Level 1.2 Throwing
 - Level 3.2 Armour
 - Level 4.0 Shields


You had 3 spell levels left.
You didn't know any spells.
Your spell library was empty.

Dungeon Overview and Level Annotations

Branches:
Dungeon (3/15)

Altars:

Shops:
D:1 *   D:2 :


Message History

You closely miss the orc wizard.
The orc wizard is heavily wounded.
The orc wizard closely misses you.
You barely miss the orc wizard.
The orc wizard is heavily wounded.
The orc wizard hits you but does no damage.
You hit the orc wizard but do no damage.
The orc wizard is heavily wounded.
You hit the orc but do no damage. The orc wizard casts a spell at you.
The puff of flame hits you.
An orc priest comes into view. It is wielding a +0 short sword.
The orc hits you with a +0 short sword. You block the orc wizard's attack.
An orc comes into view. It is wielding a +0 hand axe.
The orc priest shouts!
The orc priest shouts, "Join the one true god or die!" (press Y on the ability menu to convert to Beogh)
You slash the orc wizard!
You kill the orc wizard!
You hit the orc.
You hear a shout!
The orc hits you but does no damage.
Your Throwing skill increases to level 1!
You have reached level 4!
You slash the orc!
You kill the orc!
An orc priest comes into view. It is wielding a +0 short sword.
The orc priest looks braver for a moment.
The orc priest miscasts a cantrip.
The orc priest calls down the wrath of Beogh upon you.
Beogh smites you!
You feel very mighty all of a sudden.
You are too injured to fight recklessly!
You closely miss the orc. The orc hits you with a +0 hand axe.
* * * LOW HITPOINT WARNING * * *
The orc priest hits you but does no damage.
You closely miss the orc priest. You hit the orc.
The orc priest calls down the wrath of Beogh upon you.
Beogh smites you!
You die...

# #...# #.#...# #.#...#
.....# #...# #.))#
#..o#
#..o#################
#..o@................
#....................
###
##.##############....
#.. ... #.### #.#####
#.# #.# #.# #.# #.#
#.###################.#
#<......<.............#


You could see 2 orc priests and an orc.

Vanquished Creatures
  An orc wizard (D:3)
  An adder (D:2)
  A dart slug (D:1)
  An orc (D:3)
  5 endoplasms
  5 goblins
  3 quokkas
  5 ball pythons
  2 bats (D:2)
  4 kobolds (D:1)
  3 rats
31 creatures vanquished.

Notes
Turn   | Place    | Note
-------+----------+-------------------------------------------
     0 | D:1      | Crownlay the Hill Orc Fighter began the quest for the Orb.
     0 | D:1      | Reached XP level 1. HP: 19/19 MP: 1/1
   279 | D:1      | Reached XP level 2. HP: 21/26 MP: 2/2
   543 | D:1      | Found Giskoag's Assorted Antiques.
   684 | D:2      | Found a faded altar of an unknown god.
   752 | D:2      | Reached XP level 3. HP: 31/31 MP: 3/3
   846 | D:2      | Found Bebag's Book Shop.
  1328 | D:3      | Reached skill level 1 in Throwing
  1328 | D:3      | Reached XP level 4. HP: 25/39 MP: 4/4
  1336 | D:3      | Killed from afar by an orc priest

Illustrated notes

Levels and vault maps discovered:
D:1:      evilmike_arrival_fibonacci_small, layout_rooms, serial_shops, shop
D:2:      layout_rooms, nicolae_ecumenical_pavilion, serial_shops, shop
D:3:      minmay_skewed_foursquare, layout_basic, serial_shops,
          nicolae_shop_hallway_plus

Skill      XL: |  1  2  3 |
---------------+----------+-----
Shields        | 4 |  4.0
Axes           | 3 4 |  4.5
Throwing       | 1 |  1.2
Fighting       | |  3.6
Armour         | |  3.2

Action                   |  1- 3 |  4- 6 || total
-------------------------+-------+-------++-------
Melee: War axe           |    66 |     3 ||    69
Throw: Boomerang         |     3 |       ||     3
  Use: Potion            |       |     1 ||     1
Armor: Scale mail        |    26 |     1 ||    27
Dodge: Dodged            |    29 |       ||    29
Block: Buckler           |    16 |       ||    16

Table legend: (Time is in decaauts)
 A = Elapsed time spent in this place.
 B = Non-inter-level travel time spent in this place.
 C = Inter-level travel time spent in this place.
 D = Time resting spent in this place.
 E = Time spent auto-exploring this place.
 F = Levels seen in this place.
 G = Mean time per level.
                   A        B        C        D        E       F      G
               +--------+--------+--------+--------+--------+-----+--------+
         Total |   1358 |   1313 |     45 |      0 |   1092 |   3 |  452.7 |
       Dungeon |   1358 |   1313 |     45 |      0 |   1092 |   3 |  452.7 |
               +--------+--------+--------+--------+--------+-----+--------+

Top non-repeatable levels by time:
     D:1: 693 daAuts
     D:2: 600 daAuts
     D:3: 64 daAuts
